 Dungeon Crawl Stone Soup version 0.19-a0-593-gf2cdb02 (webtiles) character file.

4929 ololoev the Destroyer (level 10, -1/50 HPs)
             Began as a Deep Elf Fire Elementalist on June 10, 2016.
             Was a Believer of Sif Muna.
             Slain by an unseen horror (3 damage)
             ... on level 9 of the Dungeon.
             The game lasted 00:26:49 (2933 turns).

ololoev the Destroyer (Deep Elf Fire Elementalist)  Turns: 2933, Time: 00:26:50

Health: -1/50      AC:  4    Str:  1    XL:     10   Next: 27%
Magic:  19/32      EV: 13    Int: 29    God:    Sif Muna [**....]
Gold:   121        SH:  0    Dex: 15    Spells: 5 memorised, 13 levels left

rFire  + + .     SeeInvis .     p - +3 mace of the End of Times {flame, Int+5}
rCold  x . .     Gourm    .     q - +1 robe {rF+}
rNeg   . . .     Faith    .     (no shield)
rPois  .         Spirit   .     (no helmet)
rElec  .         Dismiss  .     m - +0 cloak
rCorr  .         Reflect  .     (no gloves)
SustAt .         Harm     .     (no boots)
MR     ++...     Rnd*Rage +     (no amulet)
Stlth  ++........               o - ring of fire
                                f - ring of magical power

@: very resistant to hostile enchantments, unstealthy
A: hooves 1, berserk 1, low mp 1, magic resistance 1, screaming 1, weak 2,
MP-powered wands
a: Channel Energy, Renounce Religion


Innate Abilities, Weirdness & Mutations

You have large cloven feet.
You tend to lose your temper in combat.
Your magical capacity is low. (-10% MP)
You are resistant to hostile enchantments. (MR+)
You occasionally shout uncontrollably at your foes.
You are very weak. (Str -4)
You expend magic power (3 MP) to strengthen your wands.

Inventory:

Hand Weapons
 p - the +3 mace of the End of Times (weapon) {flame, Int+5}
   (You found it on level 5 of the Dungeon)

   It has been specially enchanted to burn those struck by it, causing extra
   injury to most foes and up to half again as much damage against particularly
   susceptible opponents.
   It affects your intelligence (+5).
Armour
 m - a +0 cloak (worn)
 q - a +1 robe of fire resistance (worn)
Jewellery
 f - a ring of magical power (left hand)
 o - a ring of fire (right hand)
Wands
 l - a wand of paralysis (10/24)
Scrolls
 b - a scroll of immolation
 d - 4 scrolls of remove curse
 n - 3 scrolls of teleportation {unknown}
Potions
 e - a potion of invisibility
 g - a potion of lignification
 j - a potion of flight
 k - a potion of heal wounds
Comestibles
 a - a fruit
 c - 4 bread rations
 h - 9 chunks of flesh
 i - a meat ration


   Skills:
 - Level 2.4 Dodging
 - Level 2.4 Stealth
 * Level 10.2 Spellcasting
 * Level 10.5 Conjurations
 * Level 8.9 Fire Magic
 * Level 5.3 Invocations


You had 13 spell levels left.
You knew the following spells:

 Your Spells              Type           Power        Failure   Level  Hunger
a - Flame Tongue          Conj/Fire      #####        1%          1    None
b - Conjure Flame         Conj/Fire      #######.     1%          3    None
c - Sticky Flame          Conj/Fire      #######.     1%          4    None
d - Fireball              Conj/Fire      #######...   1%          5    ###....
e - Inner Flame           Hex/Fire       ######..     1%          3    None


You were on level 9 of the Dungeon.
You worshipped Sif Muna.
Sif Muna was pleased with you.
You were hungry.

You visited 2 branches of the dungeon, and saw 11 of its levels.

You collected 247 gold pieces.
You spent 126 gold pieces at shops.

#.##..........P....PP.P.
#.##............PP...P.P
#.........##÷...PP..P.PP
#..#......##..PP..####.P
#..#......##......#>.#P.
#..#......###....P#[.#P.
#..#......# #(..PP##)#..
#..#......# #...PP.P.P.P
#..#../@..# ##.......P..
#..#..†...# #..........
#..#......# #..........
#..#......# #.##.)..†..
#}.#......# #.###......
#..#......# #)# #...÷..
#..#......# #.# #..†...
#.........# #.# #......
#.........# #.###..>...

Notes
Turn   | Place    | Note
--------------------------------------------------------------
     0 | D:1      | ololoev the Deep Elf Fire Elementalist began the quest for the Orb.
     0 | D:1      | Reached XP level 1. HP: 10/10 MP: 6/6
   111 | D:1      | Reached XP level 2. HP: 15/15 MP: 2/8
   282 | D:3      | Reached XP level 3. HP: 19/19 MP: 10/10
   298 | D:2      | Learned a level 3 spell: Conjure Flame
   302 | D:2      | Learned a level 3 spell: Inner Flame
   411 | D:3      | Reached XP level 4. HP: 24/24 MP: 5/11
   484 | D:4      | Found an oddly glowing altar of Pakellas.
   524 | D:4      | Learned a level 4 spell: Sticky Flame
   559 | D:4      | Reached XP level 5. HP: 13/28 MP: 9/13
   606 | D:5      | Entered Level 5 of the Dungeon
   606 | D:5      | Found Loaga's Distillery.
   620 | D:5      | Bought a potion of curing for 36 gold pieces
   620 | D:5      | Bought a potion of berserk rage for 60 gold pieces
   620 | D:5      | Bought a potion of mutation for 30 gold pieces
   622 | D:5      | Noticed a phantom
   629 | D:5      | Killed a phantom
   629 | D:5      | Reached skill level 5 in Spellcasting
   629 | D:5      | Reached XP level 6. HP: 23/32 MP: 9/15
   647 | D:5      | Reached skill level 5 in Conjurations
   664 | D:5      | Noticed Duvessa
   667 | D:5      | Noticed Dowan
   733 | D:5      | Got an ichor-stained mace
   734 | D:5      | Identified the cursed +3 mace of the End of Times {flame, Int+5} (You found it on level 5 of the Dungeon)
   763 | D:5      | DEFE: sup
   763 | D:5      | ololoev: yo
   773 | D:5      | DEFE: мейес что надо
   773 | D:5      | ololoev: это да
   773 | D:5      | ololoev: для кастера
   779 | D:5      | Learned a level 5 spell: Fireball
   790 | D:4      | DEFE: и кольца
   790 | D:4      | DEFE: защибись
   790 | D:4      | ololoev: стелс нинужно правда
   790 | D:4      | ololoev: но магпавер решает
   790 | D:4      | DEFE: еще ка кнужно
   795 | D:5      | DEFE: сетсл вообще спасает
   811 | D:5      | DEFE: лучше потратить лишнее 100 турнов и выжить
   816 | D:5      | DEFE: чем зажадничать и проиграть
   817 | D:5      | Reached skill level 5 in Fire Magic
   817 | D:5      | Reached XP level 7. HP: 5/36 MP: 2/17
   886 | D:5      | ololoev: норм мейс, им почти как хлебом машешь
   905 | D:5      | Found Gozag's Platinum Reserve.
   908 | D:5      | Found an opulent altar of Gozag.
   915 | D:5      | DEFE: лол
   915 | D:5      | DEFE: а еще работает
   915 | D:5      | DEFE: я как-то машу хлебом
   915 | D:5      | DEFE: и не пойму, то робит, то не робит
   948 | D:5      | Got a pitted leather armour
   949 | D:5      | ololoev: такс такс такс
   949 | D:5      | ololoev: что тут у нас?
   959 | D:5      | Identified the +1 leather armour of Optimism {Dex+2} (You found it on level 5 of the Dungeon)
   959 | D:5      | ololoev: оптимизм
   959 | D:5      | ololoev: лол
   969 | D:5      | DEFE: lol
  1049 | D:6      | Gained mutation: You expend magic power (3 MP) to strengthen your wands. [mutagenic meat]
  1050 | D:6      | Gained mutation: Your magical capacity is low. (-10% MP) [mutagenic meat]
  1052 | D:6      | Gained mutation: You are weak. (Str -2) [mutagenic meat]
  1220 | D:6      | ololoev: круто, хотел убить приста файерболом, а убил аддера зомби взрывом
  1293 | D:7      | Noticed a hippogriff
  1298 | D:7      | Reached XP level 8. HP: 21/41 MP: 6/18
  1409 | D:7      | Found a radiant altar of Vehumet.
  1445 | D:7      | DEFE: лобби спидранеров урезает этажи
  1460 | D:7      | Noticed Joseph
  1471 | D:7      | ololoev: джозев походу забыл пульки дома
  1471 | D:7      | ololoev: или у него ремув курсы кончились
  1536 | D:7      | Killed Joseph
  1620 | D:7      | Found a staircase to the Ecumenical Temple.
  1629 | D:7      | DEFE: ага
  1630 | Temple   | Entered the Ecumenical Temple
  1631 | Temple   | ololoev: темпал оф лав!
  1662 | Temple   | Became a worshipper of Sif Muna the Loreminder
  1663 | Temple   | DEFE: оф триангл
  1783 | D:7      | Reached skill level 1 in Invocations
  1783 | D:7      | Reached XP level 9. HP: 38/45 MP: 15/21
  2109 | D:8      | Found a shimmering altar of Xom.
  2138 | D:8      | Reached * piety under Sif Muna
  2233 | D:8      | Gained mutation: You have large cloven feet. [mutagenic meat]
  2235 | D:8      | Gained mutation: You are resistant to hostile enchantments. (MR+) [mutagenic meat]
  2236 | D:8      | Noticed a hill giant
  2240 | D:8      | Killed a hill giant
  2310 | D:8      | Reached skill level 10 in Conjurations
  2314 | D:8      | Gained mutation: You tend to lose your temper in combat. [mutagenic meat]
  2315 | D:8      | Gained mutation: You occasionally shout uncontrollably at your foes. [mutagenic meat]
  2316 | D:8      | Gained mutation: You are very weak. (Str -4) [mutagenic meat]
  2318 | D:8      | Gained mutation: You are partially covered in rough black scales. (AC +4, Dex -1) [mutagenic meat]
  2319 | D:8      | Lost mutation: You are partially covered in rough black scales. (AC +4, Dex -1) [mutagenic meat]
  2327 | D:8      | Lost strength.
  2330 | D:8      | DEFE: lol
  2531 | D:9      | Found a stormy altar of Qazlal.
  2541 | D:9      | Reached ** piety under Sif Muna
  2627 | D:9      | Reached XP level 10. HP: 27/50 MP: 15/23
  2714 | D:9      | Reached skill level 10 in Spellcasting
  2714 | D:9      | Reached skill level 5 in Invocations
  2799 | D:9      | Found a staircase to the Lair.
  2928 | D:10     | Entered Level 10 of the Dungeon
  2932 | D:9      | HP: 2/50 [hippogriff (3)]
  2933 | D:9      | Slain by an unseen horror

Dungeon Overview and Level Annotations

Branches:
Dungeon (10/15)            Temple (1/1) D:7            Lair (0/6) D:9
    Orc: D:9-12

Altars:
Dithmenos
Fedhas
Gozag
Hepliaklqana
Makhleb
Pakellas
Qazlal
Ru
Sif Muna
Trog
Uskayaw
Vehumet
Xom
Yredelemnul
Zin
The Shining One

Shops:
D:5 !*

Annotations:
D:5 Dowan, Duvessa


Message History

Casting: Flame Tongue
Confirm with . or Enter, or press ? or * to list all spells.
Aiming: Flame Tongue
Press: ? - help, Shift-Dir - straight line, f/p - ice beast
Aim: an ice beast You feel a surge of power!
The flame tongue hits the ice beast.
The ice beast melts!
The ice beast is moderately wounded.
Casting: Flame Tongue
Confirm with . or Enter, or press ? or * to list all spells.
Aiming: Sticky Flame
Press: ? - help, Shift-Dir - straight line, f/p - ice beast
Aim: an ice beast (moderately wounded)
You feel a surge of power!
The sticky flame hits the ice beast.
The ice beast melts!
The ice beast is severely wounded.
The ice beast is covered in liquid flames!
The ice beast burns!
The ice beast hits you. The ice beast freezes you!
You feel a terrible chill!
The ice beast burns!
The ice beast burns!
You kill the ice beast!
Found 3 scrolls labeled DUWAFU DOLI.
You see here a bat corpse.
You butcher the bat corpse.
h - 9 chunks of flesh (gained 1)
You see here a bat skeleton.
n - 3 scrolls labeled DUWAFU DOLI
Found a silver wand.
Found a stone staircase leading down.
Found a scroll of remove curse.
d - 3 scrolls of remove curse (gained 1)
Found a scroll of remove curse.
r - a wand of lightning You drop a wand of lightning.
Evoke which item? (* to show all) (? for menu, Esc to quit)
Okay, then.
d - 4 scrolls of remove curse (gained 1)
Found a disc of storms.
(D) Dungeon (T) Temple (L) Lair
Where to? (Enter - D:9 @ (x,y), ? - help)
There is a stone staircase leading down here.
You climb downwards.
A hippogriff comes into view.
Found a rapier.
Found a stone staircase leading down.
There is a stone staircase leading up here.
Casting: Sticky Flame
Confirm with . or Enter, or press ? or * to list all spells.
Aiming: Sticky Flame
Press: ? - help, Shift-Dir - straight line, f - hippogriff
Aim: a hippogriff (resting)
You feel a surge of power!
The sticky flame hits the hippogriff.
The hippogriff is moderately wounded.
The hippogriff screeches!
The hippogriff is covered in liquid flames!
The hippogriff burns!
The hippogriff bites you! The hippogriff pecks you. The hippogriff claws you.
The hippogriff burns!
Something hits you.
Deactivating autopickup; reactivate with Ctrl-A.
The hippogriff bites you. The hippogriff pecks you. The hippogriff claws you.
You climb upwards.
There is a stone staircase leading down here.
Casting: Sticky Flame
Confirm with . or Enter, or press ? or * to list all spells.
Aiming: Fireball
Press: ? - help, Shift-Dir - straight line You feel a surge of power!
You miscast Fireball.
Sif Muna protects you from the effects of your miscast!
The hippogriff burns!
The hippogriff stops burning.
Something hits you. The hippogriff bites you. The hippogriff pecks you.
The hippogriff barely misses you.
Casting: Fireball
Confirm with . or Enter, or press ? or * to list all spells.
Aiming: Fireball
Press: ? - help, Shift-Dir - straight line You feel a surge of power!
The fireball explodes!
The fireball engulfs the hippogriff.
You kill the hippogriff!
You are feeling hungry.
Something hits you.
You die...

There were no monsters in sight!

Vanquished Creatures
  A hill giant (D:8)
  Joseph (D:7)
  A wyvern (D:8)
  A yak (D:9)
  3 hippogriffs
  2 hungry ghosts (D:7)
  2 ice beasts
  4 sky beasts
  An ogre (D:6)
  5 orc warriors
  4 phantoms
  2 centaurs
  A crocodile (D:9)
  5 giant frogs
  A wyvern zombie (D:8)
  4 scorpions
  A giant frog zombie (D:9)
  4 hounds
  A quasit (D:7)
  2 jellies
  A centaur skeleton (D:5)
  6 orc priests
  An iguana (D:9)
  5 orc wizards
  8 worker ants
  7 gnolls
  A river rat (D:9)
  3 adders
  A shadow imp (D:9)
  3 oozes
  A worm (D:4)
  A dart slug (D:4)
  A giant gecko (D:8)
  18 orcs
  12 bats
  A giant cockroach (D:5)
  2 goblins
  2 hobgoblins
  4 jackals (D:4)
  4 kobolds
  A quokka (D:2)
  2 giant gecko skeletons
  3 giant newts
  A jackal skeleton (D:9)
  10 rats
  3 fungi (D:9)
  2 plants (D:9)
150 creatures vanquished.

Vanquished Creatures (others)
  A giant frog (D:8)
  A hound (D:8)
  An iguana (D:8)
  An adder zombie (D:7)
4 creatures vanquished.

Grand Total: 154 creatures vanquished

Action                   |  1- 3 |  4- 6 |  7- 9 | 10-12 || total
-------------------------+-------+-------+-------+-------++-------
Melee: Mace              |       |     1 |    35 |     1 ||    37
 Cast: Flame Tongue      |    28 |    39 |   104 |    39 ||   210
       Inner Flame       |     2 |     2 |     1 |       ||     5
       Conjure Flame     |     1 |     3 |     5 |     1 ||    10
       Fireball          |       |     2 |    28 |    12 ||    42
       Sticky Flame      |       |     2 |     8 |     8 ||    18
Invok: Channel Energy    |       |       |    18 |    29 ||    47
Evoke: Wand              |       |     7 |       |       ||     7
  Use: Potion            |       |     1 |     6 |     2 ||     9
       Scroll            |       |       |     2 |     5 ||     7
  Eat: Chunk             |       |     1 |    23 |     7 ||    31
       Fruit             |       |       |     2 |       ||     2
       Meat ration       |       |       |     1 |       ||     1
Armor: Robe              |       |     2 |     3 |    22 ||    27
       Leather armour    |       |       |    37 |       ||    37
Dodge: Dodged            |     6 |    10 |    69 |    42 ||   127

Vault maps used:
D:1:      minmay_arrival_glassed_features, hangedman_glass_teeth
D:2:      serial_glass, glass_columns_a, glass_columns_c,
          minmay_gold_behind_fungi, minmay_liquid_box, uniq_terence
D:3:      okawaru_ov_weapons_minmay, lemuel_crystal_altar,
          gammafunk_temple_overflow_wave
D:4:      kennysheep_little_box, nemelex_xobeh_ov_fountains_minmay,
          marbit_many_paths
D:5:      nicolae_gozag_zags_fifth_avenue, serial_shops,
          nicolae_shop_waterfront, first_bread, hangedman_decor_opposing,
          uniq_duvessa, uniq_crazy_yiuf_cottage, uniq_blork_the_orc
D:7:      vehumet_altar_wand_db, temple_fountains, uniq_joseph
D:8:      xom_confusion_cloud
D:9:      old_standard_altar, grunt_lair_entry_orc_guard_hut
D:10:     hiddenorc1_lemuel
Temple:   triangle_lava_temple_10
